 Dungeon Crawl Stone Soup version 0.21.1-1-g345015f (webtiles) character file.

2034 Fang the Cudgeler (level 9, -1/84 HPs)
             Began as a Gargoyle Berserker on Apr 24, 2018.
             Was a Priest of Trog.
             Slain by a fire elemental (7 damage)
             ... summoned by a deep elf mage
             ... on level 7 of the Dungeon on Apr 25, 2018.
             The game lasted 00:13:39 (5516 turns).

Fang the Cudgeler (Gargoyle Berserker)              Turns: 5516, Time: 00:13:40

Health: -1/84      AC: 16    Str: 30    XL:     9   Next: 24%
Magic:  9/9        EV: 14    Int:  7    God:    Trog [***...]
Gold:   331        SH:  0    Dex:  9    Spells: 8/8 levels left

rFire    . . .     SeeInvis .   e - +2 mace (protect)
rCold    . . .     Gourm    .   (no shield)
rNeg     + . .     Faith    +   b - +1 animal skin
rPois    ∞         Spirit   .   (no helmet)
rElec    +         Reflect  .   (no cloak)
rCorr    .         Harm     .   (no gloves)
MR       .....                  (no boots)
Stlth    ..........             s - amulet of faith
HPRegen  0.24/turn              (no ring)
MPRegen  0.11/turn              (no ring)

@: berserking, protection aura, very quick
A: negative energy resistance 1, electricity resistance, unbreathing,
petrification resistance, rot immunity, AC +6
a: Berserk, Trog's Hand, Burn Spellbooks, Renounce Religion


You were on level 7 of the Dungeon.
You worshipped Trog.
Trog was most pleased with you.
You were very hungry.

You visited 1 branch of the dungeon, and saw 7 of its levels.

You collected 331 gold pieces.

Inventory:

Hand Weapons
 a - a +0 hand axe
 e - a +2 mace of protection (weapon)
Armour
 b - a +1 animal skin (worn)
Jewellery
 s - an amulet of faith (around neck)
Wands
 l - a wand of clouds (5)
 x - a wand of iceblast (8)
 y - a wand of enslavement (14)
Scrolls
 f - 5 scrolls of remove curse
 m - a scroll of fear
 o - a scroll of immolation
 p - a scroll of magic mapping
 r - a scroll of blinking
Potions
 d - a potion of haste
 g - a potion of brilliance
 h - 2 potions of might
 i - 6 potions of curing
 j - 4 potions of heal wounds
 k - a potion of mutation
 n - 2 potions of invisibility
 q - 2 potions of agility
 t - a potion of berserk rage
 u - a potion of lignification {unknown}
 v - a potion of resistance
Comestibles
 c - 8 rations
 w - 6 chunks of flesh


   Skills:
 + Level 6.3 Fighting
 + Level 3.9(6.0) Axes
 + Level 7.8(8.4) Maces & Flails
 + Level 2.3 Armour
 + Level 5.0 Dodging
 + Level 3.1 Stealth


You had 8 spell levels left.
You didn't know any spells.

Dungeon Overview and Level Annotations

Branches:
Dungeon (7/15)             Temple (0/1) D:6

Altars:
Elyvilon
Gozag
Hepliaklqana
Nemelex Xobeh
Ru
Xom
The Shining One

Shops:
D:5 *


Innate Abilities, Weirdness & Mutations

You are resistant to torment.
Your stone body is resilient. (AC +6)
You are immune to poison.
You resist negative energy. (rN+)
You are resistant to electric shocks. (rElec)
You can survive without breathing.
You are immune to petrification.
You are immune to rotting.


Message History

The fire elemental is lightly damaged.
The fire elemental hits you. The fire elemental burns you!
You are too injured to fight recklessly!
You thump the fire elemental!
The fire elemental is moderately damaged.
The fire elemental hits you. The fire elemental burns you!
* * * LOW HITPOINT WARNING * * *
You closely miss the fire elemental.
The fire elemental is moderately damaged.
The fire elemental hits you. The fire elemental burns you!
* * * LOW HITPOINT WARNING * * *
You sock the fire elemental!
The fire elemental is heavily damaged.
The fire elemental hits you. The fire elemental burns you!
* * * LOW HITPOINT WARNING * * *
Unknown command.
You sock the fire elemental!
The fire elemental is severely damaged.
The fire elemental hits you. The fire elemental burns you!
You die...

#... #$###.#.###.#
.....#.)...#.....#
#.....#.....# #.###)#.###(#
###.# #....e#.....#.....#..
.....#E§§§.#.....#.....
.### #.###§#.###.#..... ##
#..(e.#.....#...# ##.
#.....#.EE@)#.....# ##..
#.###.#.###.#.....## ##...
#.....#.....#......####<...
......)...............'....
...............#...####...†
).#.#########...#.## ##...
#.## ##.#### ##.. #.# ##.
#.# ##


You could see a deep elf mage and 2 fire elementals.

Vanquished Creatures
  A hippogriff (D:7)
  An ice beast (D:6)
  2 phantoms (D:4)
  A necrophage (D:7)
  A sky beast (D:5)
  A centaur (D:6)
  5 ogres
  A bullfrog (D:6)
  5 scorpions
  A howler monkey (D:6)
  A jelly (D:6)
  An orc priest (D:5)
  3 hounds
  A centaur skeleton (D:4)
  4 orc wizards
  An iguana (D:5)
  3 worker ants
  10 adders
  A shadow imp (D:6)
  2 dart slugs (D:1)
  6 leopard geckos
  13 orcs
  3 bats
  5 giant cockroaches
  6 goblins
  2 hobgoblins (D:2)
  3 jackals (D:5)
  7 kobolds
  A frilled lizard (D:1)
  6 rats
98 creatures vanquished.

Notes
Turn   | Place    | Note
-------+----------+-------------------------------------------
     0 | D:1      | Fang the Gargoyle Berserker began the quest for the Orb.
     0 | D:1      | Reached XP level 1. HP: 14/14 MP: 1/1
   184 | D:1      | Reached XP level 2. HP: 10/19 MP: 2/2
  1072 | D:2      | Found a shimmering altar of Xom.
  1229 | D:2      | Reached skill level 1 in Maces & Flails
  1229 | D:2      | Reached XP level 3. HP: 15/24 MP: 3/3
  1965 | D:3      | Reached ** piety under Trog
  1965 | D:3      | Reached XP level 4. HP: 24/29 MP: 4/4
  1979 | D:3      | Reached XP level 5. HP: 10/33 MP: 5/5
  2665 | D:4      | Reached skill level 2 in Maces & Flails
  2935 | D:4      | Reached skill level 3 in Maces & Flails
  2935 | D:4      | Reached XP level 6. HP: 24/38 MP: 6/6
  2959 | D:4      | Noticed a phantom
  2987 | D:5      | Entered Level 5 of the Dungeon
  3002 | D:5      | Reached skill level 1 in Stealth
  3253 | D:4      | Killed a phantom
  3288 | D:4      | Noticed a phantom
  3339 | D:4      | Killed a phantom
  3339 | D:4      | Reached skill level 4 in Maces & Flails
  3339 | D:4      | Reached XP level 7. HP: 25/44 MP: 7/7
  3670 | D:5      | Found Poudecal's Assorted Antiques.
  3942 | D:5      | Reached skill level 5 in Maces & Flails
  3959 | D:5      | Reached skill level 5 in Fighting
  3975 | D:5      | Reached XP level 8. HP: 30/49 MP: 8/8
  3980 | D:5      | Reached *** piety under Trog
  4476 | D:6      | Found a shimmering altar of Xom.
  4477 | D:6      | Found an opulent altar of Gozag.
  4477 | D:6      | Found a white marble altar of Elyvilon.
  4479 | D:6      | Found a hazy altar of Hepliaklqana.
  4481 | D:6      | Found a glowing golden altar of the Shining One.
  4481 | D:6      | Found a sparkling altar of Nemelex Xobeh.
  4482 | D:6      | Found a sacrificial altar of Ru.
  4554 | D:6      | Found a staircase to the Ecumenical Temple.
  4660 | D:6      | Reached skill level 6 in Maces & Flails
  5233 | D:7      | Reached skill level 7 in Maces & Flails
  5254 | D:7      | Noticed a deep elf mage
  5276 | D:7      | Reached XP level 9. HP: 48/55 MP: 9/9
  5383 | D:7      | Reached skill level 5 in Dodging
  5516 | D:7      | Slain by a fire elemental

Skill      XL: |  1  2  3  4  5  6  7  8  9 |
---------------+----------------------------+-----
Axes           | 3 |  3.9
Maces & Flails | 1 3 4 5 7 |  7.8
Dodging        | 2 3 4 5 |  5.0
Fighting       | 4 5 6 |  6.3
Stealth        | 1 2 3 |  3.1
Armour         | |  2.3

Action                   |  1- 3 |  4- 6 |  7- 9 || total
-------------------------+-------+-------+-------++-------
Melee: Mace              |    86 |   125 |   253 ||   464
       Hand axe          |     4 |       |       ||     4
Invok: Berserk           |     1 |       |     3 ||     4
  Use: Scroll            |    10 |     1 |     7 ||    18
       Potion            |       |       |     1 ||     1
 Stab: Distracted        |       |     1 |       ||     1
       Sleeping          |       |       |     1 ||     1
  Eat: Chunk             |     3 |     4 |     8 ||    15
       Ration            |       |       |     1 ||     1
Armor: Animal skin       |    36 |    88 |   143 ||   267
Dodge: Dodged            |    62 |   110 |   230 ||   402
